 Dungeon Crawl Stone Soup version 0.18-a0-1-gfac8111 (webtiles) character file.

13853021 ololoev the Luminary of Lethal Lore (level 27, 198/198 HPs)
             Began as a Gargoyle Gladiator on Oct 29, 2015.
             Was the Champion of Vehumet.
             Escaped with the Orb
             ... and 15 runes on Oct 30, 2015!
             The game lasted 08:03:54 (115523 turns).

ololoev the Luminary of Lethal Lore (GrGl)        Turns: 115523, Time: 08:03:55

Health: 198/198    AC: 71    Str: 50      XL:     27
Magic:  37/37      EV: 36    Int: 23 (24) God:    Vehumet [******]
Gold:   2167       SH: 31    Dex: 23      Spells: 8 memorised, 21 levels left

rFire  + + +     SeeInvis +     n - +11 morningstar "ololoev's Curse" {freeze, rElec rF- Str+6}
rCold  + + +     Clarity  +     f - +8 orange crystal plate armour {Archmagi, Int+3 Clar SustAt}
rNeg   + + +     SustAt   +     C - +1 large shield "Rukasm" {rF++ rN++ Str+4}
rPois  ∞         Gourm    .     L - +1 hat of the Will of the Gods {Regen+}
rElec  +         Spirit   .     A - +2 cloak {MR+}
rCorr  +         Warding  .     O - +2 pair of fencer's gloves {LBl+4 SBl+4 EV+3 Dex+6}
rMut   .         Stasis   .     k - +2 pair of boots {Stlth+}
MR     ++++.                    B - amulet of Lekaf {MR+ Regen+ Int+3 Dex+3}
Stlth  +.........               J - ring "Ruezubb" {rPois rF+ rC+ Dex+2}
                                v - ring of Zuwitob {rN+ MP-9 Str+3 Dex+2}

@: about to teleport, phasing, stone skin, resistant, immense fortitude, flying,
very heavily contaminated, hasted, glowing, very quick, incredibly resistant to
hostile enchantments, very unstealthy
A: big wings, hooves 1, repulsion field 1, camouflage 1, see invisible, berserk
1, clarity, clever 1, cold resistance 1, high mp 1, negative energy resistance
1, regeneration 1, robust 1, shaggy fur 1, electricity resistance, strong 1,
unbreathing, petrification resistance, rot immunity, AC +20
a: Stop Flying, Renounce Religion
0: Orb of Zot
}: 15/15 runes: serpentine, barnacled, slimy, silver, golden, iron, obsidian,
icy, bone, abyssal, demonic, glowing, magical, fiery, dark


Innate Abilities, Weirdness & Mutations

You are resistant to torment.
Your stone body is resilient (AC +20).
You are immune to poison.
Your large and strong wings let you fly indefinitely.
You resist negative energy.
You are resistant to electric shocks.
You can survive without breathing.
You are immune to petrification.
You are immune to rotting.
You have large cloven feet.
You are surrounded by a mild repulsion field (EV +2).
Your skin changes colour to match your surroundings (Stealth).
You have supernaturally acute eyesight.
You tend to lose your temper in combat.
You possess an exceptional clarity of mind.
Your mind is acute. (Int +2)
Your flesh is cold resistant.
You have an increased reservoir of magic (+10% MP).
Your natural rate of healing is unusually fast.
You are robust (+10% HP).
You are covered in fur (AC +1).
Your muscles are strong. (Str +2)

Inventory:

Hand Weapons
 a - the +1 eveningstar "Brilliance" {holy, rN+ AC+5 Int+5}
   (You found it on level 3 of the Elven Halls)

   It has been blessed by the Shining One to cause great damage to the undead
   and demons.
   It affects your AC (+5).
   It affects your intelligence (+5).
   It protects you from negative energy.
 b - a +9 blowgun
 n - the +11 morningstar "ololoev's Curse" (weapon) {freeze, rElec rF- Str+6}
   (You found it on level 3 of the Tomb of the Ancients)

   It has been specially enchanted to freeze those struck by it, causing extra
   injury to most foes and up to half again as much damage against particularly
   susceptible opponents.
   It can also slow down cold-blooded creatures.
   It affects your strength (+6).
   It makes you vulnerable to fire.
   It insulates you from electricity.
Missiles
 t - 37 silver javelins (quivered)
 N - 7 needles of confusion
 S - 8 needles of paralysis
Armour
 f - the +8 orange crystal plate armour (worn) {Archmagi, Int+3 Clar SustAt}
   (You found it on level 3 of the Crypt)

   It affects your intelligence (+3).
   It sustains your strength, intelligence and dexterity.
   It protects you against confusion.
 k - a +2 pair of boots of stealth (worn)
 A - a +2 cloak of magic resistance (worn)
 C - the +1 large shield "Rukasm" (worn) {rF++ rN++ Str+4}
   (You acquired it in Pandemonium)

   It affects your strength (+4).
   It greatly protects you from fire.
   It greatly protects you from negative energy.
 L - the +1 hat of the Will of the Gods (worn) {Regen+}
   (You found it in Pandemonium)

   It increases your rate of regeneration.
 O - the +2 pair of fencer's gloves (worn) {LBl+4 SBl+4 EV+3 Dex+6}
   (You found it on level 1 of the Snake Pit)

   It affects your evasion (+3).
   It affects your dexterity (+6).
Jewellery
 v - the ring of Zuwitob (left hand) {rN+ MP-9 Str+3 Dex+2}
   (You bought it in a shop on level 4 of the Snake Pit)

   [ring of strength]

   It affects your strength (+3).
   It affects your dexterity (+2).
   It protects you from negative energy.
   It affects your magic capacity (-9).
 B - the amulet of Lekaf (around neck) {MR+ Regen+ Int+3 Dex+3}
   (You found it on level 3 of the Crypt)

   [amulet of regeneration]

   It affects your intelligence (+3).
   It affects your dexterity (+3).
   It affects your resistance to hostile enchantments.
   It increases your rate of regeneration.
 J - the ring "Ruezubb" (right hand) {rPois rF+ rC+ Dex+2}
   (You found it in an ice cave)

   [ring of protection from cold]

   It affects your dexterity (+2).
   It protects you from fire.
   It protects you from cold.
   It protects you from poison.
Wands
 d - a wand of heal wounds (7)
 e - a wand of hasting (0)
 h - a wand of digging (4)
 H - a wand of heal wounds (8)
 K - a wand of teleportation (4)
 U - a wand of disintegration (3)
Scrolls
 l - 11 scrolls of blinking
 q - 15 scrolls of fog
 r - 31 scrolls of teleportation
 s - 4 scrolls of identify
 u - 23 scrolls of recharging
 y - 2 scrolls of magic mapping
 D - 12 scrolls of amnesia
 F - 39 scrolls of remove curse
Potions
 c - 3 potions of resistance
 g - a potion of heal wounds
 m - 46 potions of curing
 o - 5 potions of magic
 p - 12 potions of cure mutation
 Q - 9 potions of cancellation
Comestibles
 i - 42 meat rations
 z - 20 slices of pizza


   Skills:
 - Level 20.7 Fighting
 - Level 20.0 Maces & Flails
 - Level 23.5 Throwing
 - Level 20.5 Armour
 - Level 16.5 Dodging
 - Level 19.4 Stealth
 + Level 21.4 Shields
 - Level 15.6 Spellcasting
 - Level 17.8 Conjurations
 - Level 11.9 Charms
 - Level 15.6 Summonings
 - Level 9.3 Necromancy
 - Level 14.9 Translocations
 - Level 24.1 Earth Magic
 O Level 27 Invocations
 - Level 1.7 Evocations


You had 21 spell levels left. You knew the following spells: Your Spells Type Power Failure Level Hunger a - Iron Shot Conj/Erth ########.. 1% 6 ####... b - Apportation Tloc #######... 1% 1 None c - Shatter Erth ########.. 45% 9 ####### d - Aura of Abjuration Summ #######... 1% 5 ##..... e - Blink Tloc N/A 1% 2 None f - Lee's Rapid Deconstr Erth ########.. 1% 5 ##..... g - Phase Shift Tloc #######... 1% 5 ##..... h - Regeneration Chrm/Necr #######... 1% 3 None You escaped. You worshipped Vehumet. Vehumet was exalted by your worship. You were very hungry. You visited 18 branches of the dungeon, and saw 94 of its levels. You visited Pandemonium 4 times, and saw 28 of its levels. You visited the Abyss 5 times. You visited 3 ziggurats, and saw 35 of their levels (deepest: 14). You also visited: Labyrinth, Trove, Ice Cave and Wizlab. You collected 19859 gold pieces. You spent 6834 gold pieces at shops. You donated 10564 gold pieces to Zin. .##...........######.## #.... ..#...........# #..# ####.... #.............# ##.# #....... ##............#######.# #.##.... ....................#.# #.##.... #.#################..†####.###### #.##.#####..#.##.[##...........># #.##..##.###......###.#.#######.. #.##.......##...@..##...# #.. #.###......###......##..##### #.. ..# #...............##..#...# #.. #.# #####...........##..#...# #.. #.## ###..........#..'...# ##. ...## ####.......##.#...# #. ....# ##(.....##.#...# #. ....### ###...).......####. ......######## ####..#........#.

Notes
Turn   | Place    | Note
--------------------------------------------------------------
     0 | D:1      | ololoev the Gargoyle Gladiator began the quest for the Orb.
     0 | D:1      | Reached XP level 1. HP: 12/12 MP: 1/1
   101 | D:2      | Found a white marble altar of Elyvilon.
   115 | D:2      | Reached XP level 2. HP: 13/18 MP: 2/2
   522 | D:3      | Reached skill level 1 in Armour
   545 | D:3      | Reached XP level 3. HP: 18/22 MP: 3/3
   761 | D:4      | Found a shimmering altar of Xom.
   896 | D:4      | Reached skill level 4 in Maces & Flails
   908 | D:4      | Reached XP level 4. HP: 15/27 MP: 4/4
   929 | D:5      | Entered Level 5 of the Dungeon
   940 | D:5      | Reached skill level 1 in Shields
  1154 | D:4      | Noticed a scorpion
  1162 | D:4      | Killed a scorpion
  1162 | D:4      | Reached XP level 5. HP: 21/32 MP: 5/5
  1189 | D:4      | Found a basalt altar of Yredelemnul.
  1248 | D:4      | Reached XP level 6. HP: 21/37 MP: 6/6
  1519 | D:4      | Reached skill level 5 in Maces & Flails
  1603 | D:4      | Noticed an ogre
  1614 | D:4      | Killed an ogre
  1778 | D:5      | Noticed a sky beast
  1790 | D:5      | Killed a sky beast
  1790 | D:5      | Reached XP level 7. HP: 34/42 MP: 7/7
  1794 | D:5      | Gained mutation: You have an increased reservoir of magic (+10% MP). [mutagenic meat]
  1795 | D:5      | Gained mutation: You possess an exceptional clarity of mind. [mutagenic meat]
  1796 | D:5      | Gained mutation: You have large cloven feet. [mutagenic meat]
  1797 | D:5      | Gained mutation: You have supernaturally acute eyesight. [mutagenic meat]
  1842 | D:5      | Found a shadowy altar of Dithmenos.
  1955 | D:5      | Noticed an ogre
  1973 | D:5      | Killed an ogre
  2293 | D:5      | Found a glowing golden altar of the Shining One.
  2442 | D:5      | Found a deep blue altar of Sif Muna.
  2444 | D:5      | Found a radiant altar of Vehumet.
  2444 | D:5      | Found an ancient bone altar of Kikubaaqudgha.
  2449 | D:5      | Identified Sif Muna's Papyrus of Aid
  2457 | D:5      | Identified Vehumet's Disquisition on Battle Magic
  2467 | D:5      | Identified Kikubaaqudgha's Compendium of Black Rites
  2540 | D:5      | Noticed ololoev's ghost (weakling GrGl)
  2559 | D:5      | Killed ololoev's ghost
  2817 | D:6      | Reached skill level 6 in Maces & Flails
  2834 | D:6      | Found a staircase to the Ecumenical Temple.
  2859 | Temple   | Entered the Ecumenical Temple
  2938 | D:6      | Reached XP level 8. HP: 44/48 MP: 8/8
  3013 | D:6      | Found a shattered altar of Ashenzari.
  3018 | D:6      | Became a worshipper of Ashenzari the Shackled
  3575 | D:3      | Found a bloodstained altar of Trog.
  3575 | D:3      | Found an iron altar of Okawaru.
  3726 | D:3      | Reached * piety under Ashenzari
  3793 | D:3      | Reached skill level 5 in Fighting
  4225 | D:3      | Noticed a big kobold
  4246 | D:3      | Killed a big kobold
  4246 | D:3      | Reached skill level 7 in Maces & Flails
  4345 | D:3      | Noticed a big kobold
  4361 | D:3      | Reached skill level 5 in Shields
  4389 | D:3      | Killed a big kobold
  4512 | D:3      | Noticed a big kobold
  4527 | D:3      | Killed a big kobold
  4573 | D:3      | Noticed a big kobold
  4594 | D:3      | Killed a big kobold
  4603 | D:3      | Reached skill level 5 in Armour
  5927 | D:7      | Reached ** piety under Ashenzari
  5968 | D:7      | Reached XP level 9. HP: 32/55 MP: 9/9
  6125 | D:7      | Noticed emiel's ghost (novice DsVM)
  6128 | D:7      | Noticed a hill giant
  6280 | D:8      | Reached skill level 8 in Maces & Flails
  6594 | D:7      | Killed emiel's ghost
  6983 | D:8      | Found a staircase to the Lair.
  7119 | D:8      | Found a burning altar of Makhleb.
  7121 | D:8      | Found a glowing silver altar of Zin.
  7121 | D:8      | Noticed an angel
  7122 | D:8      | Noticed an Executioner
  7341 | D:9      | Found a stormy altar of Qazlal.
  7489 | D:9      | Reached skill level 9 in Maces & Flails
  7780 | D:9      | Reached XP level 10. HP: 59/61 MP: 11/11
  7985 | D:9      | Reached *** piety under Ashenzari
  8307 | D:10     | Entered Level 10 of the Dungeon
  8307 | D:10     | Noticed a hill giant
  8316 | D:10     | Killed a hill giant
  8325 | D:10     | Reached skill level 10 in Maces & Flails
  8523 | D:9      | Noticed a griffon
  8524 | D:9      | Noticed a frost giant
  8551 | D:9      | Killed a griffon
  8578 | D:9      | Killed a frost giant
  8578 | D:9      | Reached XP level 11. HP: 32/69 MP: 12/12
  8582 | D:9      | Reached skill level 11 in Maces & Flails
  8913 | D:10     | Noticed a hill giant
  9325 | D:10     | Found a staircase to the Orcish Mines.
  9353 | D:10     | Killed a hill giant
 10132 | Orc:1    | Entered Level 1 of the Orcish Mines
 10133 | Orc:1    | Found Totadech's Weapon Shop.
 10147 | Orc:1    | Noticed Nergalle
 10313 | D:10     | Killed Nergalle
 10845 | Orc:2    | Noticed an orc warlord
 10880 | Orc:2    | Reached skill level 12 in Maces & Flails
 11251 | Orc:3    | Noticed an orc high priest
 11321 | Orc:3    | Killed an orc high priest
 11321 | Orc:3    | Reached XP level 12. HP: 38/76 MP: 13/13
 12096 | Orc:3    | Found a radiant altar of Vehumet.
 12371 | Orc:4    | Entered Level 4 of the Orcish Mines
 12371 | Orc:4    | Reached **** piety under Ashenzari
 12668 | Orc:4    | Noticed an orc high priest
 13487 | Orc:4    | Killed an orc high priest
 13502 | Orc:4    | Found a staircase to the Elven Halls.
 13575 | Orc:4    | Noticed an ogre mage
 13575 | Orc:4    | Noticed an ogre mage
 13632 | Orc:4    | Noticed an ogre mage
 14402 | Orc:2    | Reached skill level 10 in Fighting
 14982 | Orc:3    | Killed an ogre mage
 14982 | Orc:3    | Reached skill level 5 in Throwing
 15014 | Orc:3    | Reached skill level 13 in Maces & Flails
 15039 | Orc:4    | Killed an ogre mage
 15082 | Orc:4    | Noticed an ogre mage
 15088 | Orc:4    | Killed an ogre mage
 15088 | Orc:4    | Reached skill level 10 in Shields
 15088 | Orc:4    | Reached XP level 13. HP: 77/83 MP: 14/14
 15097 | Orc:4    | Killed an ogre mage
 15171 | Orc:4    | Found Egyn's General Store.
 15171 | Orc:4    | Found Kuguor's Jewellery Emporium.
 15173 | Orc:4    | Found Quemus's Assorted Antiques.
 15173 | Orc:4    | Found Agrixt's Book Boutique.
 15183 | Orc:4    | Bought a potion of might for 64 gold pieces
 15183 | Orc:4    | Bought a potion of cure mutation for 560 gold pieces
 15184 | Orc:4    | Bought a scroll labeled UDUDYU JICAJU for 28 gold pieces
 15184 | Orc:4    | Bought a potion of agility for 112 gold pieces
 15184 | Orc:4    | Bought a glowing scale mail for 112 gold pieces
 15185 | Orc:4    | Bought a book of Power for 675 gold pieces
 15192 | Orc:4    | Learned a level 6 spell: Iron Shot
 15934 | Orc:1    | Killed an orc warlord
 15934 | Orc:1    | Reached skill level 1 in Conjurations
 15934 | Orc:1    | Reached skill level 1 in Earth Magic
 16212 | Lair:1   | Entered Level 1 of the Lair of Beasts
 16332 | Lair:1   | Gained mutation: Your muscles are strong. (Str +2) [potion of beneficial mutation]
 16379 | Lair:1   | Reached skill level 1 in Spellcasting
 16402 | Lair:1   | Reached skill level 10 in Armour
 16804 | Lair:2   | Found a labyrinth entrance.
 16810 | Lab      | Entered a labyrinth
 17108 | Lab      | Reached ***** piety under Ashenzari
 17677 | Lab      | Noticed a minotaur
 17681 | Lab      | Killed a minotaur
 17685 | Lab      | Identified a +0 rod of destruction (12/12) (You found it in a labyrinth)
 17685 | Lab      | Identified the Reference Book on Stolen Souls and Creation (You found it in a labyrinth)
 17690 | Lab      | Identified the +7 long sword of Judgement {freeze, Dex+6 Stlth-} (You found it in a labyrinth)
 17784 | Lair:2   | Reached skill level 5 in Conjurations
 18517 | Lair:3   | Found a frozen archway.
 18552 | IceCv    | Entered an ice cave
 18552 | IceCv    | Noticed B1inky's ghost (journeyman OpFi)
 18601 | IceCv    | Killed B1inky's ghost
 19273 | IceCv    | Gained mutation: Your large and strong wings let you fly indefinitely. [Gargoyle growth]
 19273 | IceCv    | Reached XP level 14. HP: 90/90 MP: 20/20
 19397 | IceCv    | Reached skill level 14 in Maces & Flails
 19528 | IceCv    | Noticed a frost giant
 19590 | IceCv    | Killed a frost giant
 19713 | IceCv    | Identified the ring "Ruezubb" {rPois rF+ rC+ Dex+2}
 19779 | Lair:3   | Found a radiant altar of Vehumet.
 19825 | Lair:3   | Found a staircase to the Snake Pit.
 19900 | Lair:3   | Found a staircase to the Shoals.
 20140 | Lair:3   | Reached skill level 1 in Evocations
 20154 | Lair:3   | Reached skill level 5 in Earth Magic
 20288 | Lair:3   | Found an opulent altar of Gozag.
 21409 | Lair:4   | Identified the +7 plate armour of the Turtledove {rF+ Int+4 Dex+2}
 21693 | Lair:4   | Learned a level 6 spell: Conjure Ball Lightning
 22100 | Lair:5   | Reached skill level 5 in Dodging
 22100 | Lair:5   | Reached skill level 5 in Spellcasting
 22100 | Lair:5   | Reached XP level 15. HP: 91/95 MP: 23/25
 22166 | Lair:5   | Reached ****** piety under Ashenzari
 23380 | Lair:7   | Found a staircase to the Slime Pits.
 23425 | Lair:7   | Reached XP level 16. HP: 96/100 MP: 27/27
 23954 | Lair:7   | Noticed Snorg
 23965 | Lair:7   | Killed Snorg
 24262 | Lair:7   | Reached skill level 10 in Conjurations
 24362 | Lair:7   | Identified the +4 shortbow "Ufitu" {freeze, rPois Stlth+}
 24648 | Lair:8   | Entered Level 8 of the Lair of Beasts
 24778 | Lair:8   | Reached skill level 15 in Maces & Flails
 25366 | Lair:8   | Reduced skill Throwing to level 1
 26767 | D:11     | Noticed a skeletal warrior
 26767 | D:11     | Noticed a skeletal warrior
 26791 | D:11     | Killed a skeletal warrior
 27057 | D:11     | Noticed Maurice
 27065 | D:11     | Killed Maurice
 27218 | D:11     | Noticed a skeletal warrior
 27219 | D:11     | Noticed a skeletal warrior
 27234 | D:11     | Killed a skeletal warrior
 27234 | D:11     | Reached XP level 17. HP: 102/106 MP: 31/31
 27246 | D:11     | Killed a skeletal warrior
 27261 | D:11     | Killed a skeletal warrior
 27271 | D:11     | Noticed a skeletal warrior
 27284 | D:11     | Killed a skeletal warrior
 27411 | D:12     | Noticed Harold
 27429 | D:12     | Killed Harold
 27934 | D:13     | Noticed Josephine
 27943 | D:13     | Killed Josephine
 27946 | D:13     | Reached skill level 10 in Earth Magic
 28194 | D:13     | Noticed Urug
 28206 | D:13     | Killed Urug
 28493 | D:14     | Noticed Sonja
 28666 | D:14     | Killed Sonja
 29036 | D:14     | Found a runed door.
 29040 | D:14     | Found a runed door.
 29043 | D:14     | Cast into the Abyss (a wizard)
 29061 | Abyss:1  | Learned a level 9 spell: Shatter
 29445 | Abyss:3  | Found a corrupted altar of Lugonu.
 29788 | Abyss:3  | Noticed a lich
 29803 | Abyss:4  | Found a corrupted altar of Lugonu.
 29952 | Abyss:4  | Paralysed by accursed screaming for 1 turns
 30142 | Abyss:4  | Reached XP level 18. HP: 74/113 MP: 34/34
 30237 | Abyss:4  | Got an abyssal rune of Zot
 30284 | Abyss:4  | Found a sparkling altar of Nemelex Xobeh.
 30324 | D:14     | Escaped the Abyss
 30447 | D:14     | Found a gate to the Vaults.
 30622 | D:14     | Found Enaorry's Gadget Shoppe.
 30640 | D:14     | Found a glowing golden altar of the Shining One.
 30863 | D:15     | Entered Level 15 of the Dungeon
 31490 | D:15     | Found a staircase to the Depths.
 31988 | D:15     | Learned a level 5 spell: Aura of Abjuration
 32366 | Lair:3   | Reached skill level 10 in Spellcasting
 32372 | Snake:1  | Entered Level 1 of the Snake Pit
 32372 | Snake:1  | Noticed Donald
 32395 | Lair:3   | Killed Donald
 32444 | Snake:1  | Reached skill level 1 in Air Magic
 32819 | Snake:1  | Found an iron altar of Okawaru.
 33249 | Snake:2  | Noticed Wiglaf
 33300 | Snake:2  | Killed Wiglaf
 33484 | Snake:2  | Found Ulu Tol's Assorted Antiques.
 33492 | Snake:2  | Bought a gold wand for 80 gold pieces
 33492 | Snake:2  | Bought a scroll of recharging for 190 gold pieces
 33492 | Snake:2  | Bought a large jade ring for 100 gold pieces
 33492 | Snake:2  | Bought a scroll of recharging for 190 gold pieces
 33496 | Snake:2  | Found Zuif Deutor's Weapon Shop.
 33520 | Snake:2  | Found Mubifokk's Antique Weapon Emporium.
 33527 | Snake:2  | Bought a runed morningstar for 136 gold pieces
 33685 | Snake:2  | Found Deowyjoo's Assorted Antiques.
 33689 | Snake:2  | Bought a scroll labeled PYSAUP SEOTUMN for 28 gold pieces
 33689 | Snake:2  | Bought a leatherbound book for 420 gold pieces
 33689 | Snake:2  | Bought a glass ring for 140 gold pieces
 33689 | Snake:2  | Bought a lamp of fire for 1120 gold pieces
 34168 | Snake:2  | Found Urel's Gadget Shop.
 35540 | Snake:4  | Entered Level 4 of the Snake Pit
 35639 | Snake:3  | Reached XP level 19. HP: 113/119 MP: 37/37
 35796 | Snake:4  | Found Humnis's Jewellery Shoppe.
 36893 | Snake:4  | Identified the +1 ring mail of Agnosticism {+Fly rF+} (You took it off a salamander on level 4 of the Snake Pit)
 37061 | Snake:4  | Reached skill level 5 in Air Magic
 37411 | Snake:4  | Reached skill level 16 in Maces & Flails
 37972 | Snake:4  | Reached XP level 20. HP: 121/125 MP: 39/39
 38044 | Snake:4  | Got a serpentine rune of Zot
 38261 | Snake:4  | Identified the cursed +1 pair of boots of Riog {rElec rPois Stlth+}
 38621 | Shoals:1 | Entered Level 1 of the Shoals
 38787 | Shoals:1 | Learned a level 2 spell: Blink
 39139 | Shoals:1 | Found Locagal's Distillery.
 39147 | Shoals:1 | Bought a potion of heal wounds for 75 gold pieces
 39147 | Shoals:1 | Bought a potion of curing for 45 gold pieces
 39147 | Shoals:1 | Bought 2 potions of curing for 90 gold pieces
 39147 | Shoals:1 | Bought 2 potions of heal wounds for 150 gold pieces
 39147 | Shoals:1 | Bought a potion of heal wounds for 75 gold pieces
 39676 | Shoals:2 | Identified a scroll of acquirement
 40421 | Shoals:3 | Noticed Polyphemus
 40697 | Shoals:3 | Killed Polyphemus
 41464 | Shoals:3 | Identified the +0 helmet "Jeicw" {MP+9 Str+5 Int-5}
 41840 | Shoals:4 | Entered Level 4 of the Shoals
 41858 | Shoals:4 | Reached skill level 10 in Air Magic
 41869 | Shoals:4 | Identified the +7 shortbow of Someop {velocity, rF- rC++ rN+ MP+9}
 41983 | Shoals:4 | Reached skill level 1 in Summonings
 42395 | Shoals:4 | Identified the cursed +0 longbow "Jaustren" {speed, Str+2} (You took it off a siren on level 4 of the Shoals)
 42489 | Shoals:4 | Noticed Nikola
 42517 | Shoals:4 | Reached XP level 21. HP: 120/130 MP: 40/40
 42535 | Shoals:4 | Killed Nikola
 42543 | Shoals:4 | Noticed Ilsuiw
 42864 | Shoals:4 | Killed Ilsuiw
 43197 | Shoals:4 | Got a barnacled rune of Zot
 43698 | Shoals:4 | Identified the +6 falchion of Sin {antimagic, MR+ Stlth+}
 44101 | Snake:4  | Bought an uncursed ring of protection from magic for 375 gold pieces
 44578 | Vaults:1 | Entered Level 1 of the Vaults
 44602 | Vaults:1 | Reached skill level 1 in Translocations
 44716 | Vaults:1 | Reached skill level 5 in Translocations
 44740 | Vaults:1 | Identified the +3 ring mail "Divuewk" {Int-3 Dex+5}
 44896 | Vaults:1 | Noticed Saint Roka
 44910 | Vaults:1 | Killed Saint Roka
 46631 | Vaults:2 | Reached skill level 10 in Dodging
 46751 | Vaults:2 | Gained mutation: Your mind is acute. (Int +2) [mutagenic meat]
 46752 | Vaults:2 | Gained mutation: You are robust (+10% HP). [mutagenic meat]
 46993 | Vaults:2 | Reached XP level 22. HP: 151/151 MP: 42/42
 48108 | Vaults:3 | Reached skill level 5 in Evocations
 48637 | Vaults:3 | Identified the +4 scale mail of Tyhytich {rC++}
 48879 | Vaults:3 | Reached skill level 5 in Summonings
 49103 | Vaults:3 | Found a staircase to the Crypt.
 49867 | Vaults:4 | Reached skill level 17 in Maces & Flails
 50273 | Vaults:4 | Reached XP level 23. HP: 126/158 MP: 43/43
 50320 | Vaults:4 | Identified the ring of Vaosauwn {Int+2 Dex+4}
 50425 | Vaults:4 | Reached skill level 15 in Fighting
 51421 | Vaults:4 | Found Madys's Weapon Shoppe.
 51777 | Elf:1    | Entered Level 1 of the Elven Halls
 52897 | Elf:2    | Found a deep blue altar of Sif Muna.
 53187 | Elf:2    | Identified the +7 longbow of Seehybut {velocity, +Inv rElec}
 53252 | Elf:2    | Reduced skill Air Magic to level 5
 53274 | Elf:2    | Found a runed gate.
 53274 | Elf:2    | Found a runed gate.
 53275 | Elf:2    | Found a runed gate.
 53395 | Elf:2    | Noticed Jorgrun
 53404 | Elf:2    | Killed Jorgrun
 53795 | Elf:2    | Reached skill level 10 in Summonings
 54056 | Elf:2    | Reached skill level 10 in Translocations
 54355 | Elf:3    | Entered Level 3 of the Elven Halls
 54641 | Elf:3    | Found Ramoph's Armour Shop.
 54934 | Elf:3    | Reduced skill Air Magic to level 1
 55197 | Elf:3    | Noticed Norris
 55232 | Elf:3    | Paralysed by Norris for 5 turns
 55245 | Elf:3    | Paralysed by Norris for 5 turns
 55253 | Elf:3    | Killed Norris
 55304 | Elf:3    | Reached XP level 24. HP: 137/166 MP: 44/44
 55310 | Elf:3    | Reached XP level 25. HP: 144/171 MP: 44/44
 55553 | Elf:3    | Upgraded the game from 0.17-a0-2231-gd80ca38 to 0.18-a0-1-gfac8111
 55590 | Elf:3    | Identified the ring "Reraocwok" {+/*Tele rElec} (You took it off a deep elf master archer on level 3 of the Elven Halls)
 55590 | Elf:3    | Identified the +5 scale mail of the Shoals {rF+++ rC- rN+ Stlth-} (You took it off a deep elf master archer on level 3 of the Elven Halls)
 55862 | Elf:3    | Identified the +3 broad axe of Pain and Death {venom, +Blink}
 55874 | Elf:3    | Identified the cursed +0 ring mail "Zozung" {rC- Dex+3 Stlth+}
 56476 | Depths:1 | Entered Level 1 of the Depths
 56476 | Depths:1 | Found Zocics's Armour Shop.
 56495 | Depths:1 | Reduced skill Evocations to level 5
 56649 | D:15     | Reached skill level 18 in Maces & Flails
 57045 | Depths:1 | Found a gateway to Hell.
 57327 | Depths:1 | Identified the +7 rapier "Embalmer" {vamp, rPois rC+ Dex-3 SInv}
 57626 | Depths:2 | Found Rib Jank's Weapon Boutique.
 57795 | Depths:2 | Found a one-way gate leading to the halls of Pandemonium.
 58216 | Depths:2 | Noticed Frederick
 58242 | Depths:2 | Killed Frederick
 58312 | Depths:2 | Noticed Frances
 58315 | Depths:2 | Identified the +6 demon blade "Hydraslayer" {venom, MR+ Stlth+}
 58330 | Depths:2 | Killed Frances
 58631 | Depths:2 | Reached skill level 15 in Earth Magic
 58960 | Depths:2 | Identified the cursed +1 chain mail of the Maze {-Cast rN+ Int+2 Dex+3}
 59057 | Depths:2 | Reached skill level 15 in Shields
 59088 | Depths:2 | Reduced skill Evocations to level 1
 59496 | D:14     | Fell from the grace of Ashenzari
 59496 | D:14     | Became a worshipper of the Shining One
 59742 | Crypt:1  | Entered Level 1 of the Crypt
 59777 | Crypt:1  | Noticed Xtahua
 59780 | Crypt:1  | Banished Xtahua
 59860 | Crypt:1  | Reached * piety under the Shining One
 59928 | Crypt:1  | Reached XP level 26. HP: 148/177 MP: 44/44
 59954 | Crypt:1  | Noticed Mara
 59960 | Crypt:1  | Noticed ololoev's illusion
 59980 | Crypt:1  | Killed Mara
 59982 | Crypt:1  | Killed Mara
 59985 | Crypt:1  | Killed Mara
 59990 | Crypt:1  | Reached ** piety under the Shining One
 60341 | Crypt:1  | Reached *** piety under the Shining One
 60393 | Crypt:1  | Found an ancient bone altar of Kikubaaqudgha.
 60448 | Crypt:1  | Reached **** piety under the Shining One
 60570 | Crypt:1  | Reached skill level 1 in Invocations
 60724 | Crypt:2  | Reached ***** piety under the Shining One
 60863 | Crypt:2  | Reached skill level 19 in Maces & Flails
 61057 | Crypt:2  | Got a distressingly furry scale mail
 61058 | Crypt:2  | Identified the +8 scale mail of the Saviour {rElec rPois MP+9 Str-2} (You found it on level 2 of the Crypt)
 61379 | Crypt:3  | Entered Level 3 of the Crypt
 61473 | Crypt:3  | Reached ****** piety under the Shining One
 62004 | Crypt:3  | Reached skill level 5 in Invocations
 62222 | Crypt:3  | Found a basalt altar of Yredelemnul.
 62421 | Crypt:3  | Got a crude brass ring
 62422 | Crypt:3  | Identified the ring of Rimmada {Fire *Corrode Str+6 Dex+4 Slay+2} (You found it on level 3 of the Crypt)
 62429 | Crypt:3  | Got an ancient lead amulet
 62430 | Crypt:3  | Identified the amulet of Lekaf {MR+ Regen+ Int+3 Dex+3} (You found it on level 3 of the Crypt)
 62476 | Crypt:3  | Identified the Almanac of Unholy Magic and Self-Knowledge
 62913 | Crypt:3  | Found a staircase to the Tomb.
 64151 | Depths:3 | Found a portal to a secret trove of treasure.
 64538 | Orc:4    | Bought a potion of cure mutation for 980 gold pieces
 64538 | Orc:4    | Bought a scroll of enchant weapon for 210 gold pieces
 64587 | Orc:1    | Bought a +5 blowgun for 413 gold pieces
 64937 | Depths:3 | You paid a toll of 2 potions of cure mutation to enter a treasure trove
 64938 | Trove    | Entered a treasure trove
 64955 | Trove    | Got a scintillating steel amulet
 64956 | Trove    | Identified the amulet of Diojunte {Gourm rPois rN+ Slay-5} (You found it in a treasure trove)
 65799 | Depths:4 | Found a one-way gate to the infinite horrors of the Abyss.
 65890 | Depths:4 | Reached XP level 27. HP: 141/182 MP: 39/44
 65924 | Depths:4 | Found a gateway to a ziggurat.
 65935 | Depths:4 | Found a magical portal.
 65957 | Depths:4 | Reached skill level 10 in Invocations
 66022 | WizLab   | Entered The Roulette of Golubria
 66026 | WizLab   | Found a corrupted altar of Lugonu.
 66049 | WizLab   | Found a corrupted altar of Lugonu.
 66128 | WizLab   | Found a corrupted altar of Lugonu.
 66360 | WizLab   | Got an ancient cloak
 66361 | WizLab   | Identified the +2 cloak of Zetest {rPois} (You found it in a wizard's laboratory)
 66431 | WizLab   | Learned a level 1 spell: Apportation
 67870 | Depths:4 | Found a runed door.
 67889 | Depths:4 | Paralysed by a giant eyeball for 3 turns
 67915 | Depths:4 | Found a runed door.
 67937 | Depths:4 | Reached skill level 15 in Summonings
 68233 | Depths:4 | Found Inoxt's Gadget Shoppe.
 68382 | Depths:5 | Entered Level 5 of the Depths
 68880 | Depths:5 | Was forgiven by Ashenzari
 69185 | Depths:5 | Noticed Jory
 69236 | Depths:5 | Killed Jory
 69629 | Depths:5 | Found a gate to the Realm of Zot.
 69930 | Depths:5 | Reached skill level 15 in Invocations
 69957 | Depths:5 | Identified a +6 sacred scourge of holy wrath (a +4 demon whip blessed by the Shining One)
 69957 | Depths:5 | Received a gift from the Shining One
 70487 | Tomb:1   | Entered Level 1 of the Tomb of the Ancients
 70679 | Tomb:1   | Got a diamond-encrusted plate armour
 70680 | Tomb:1   | Identified the cursed +0 plate armour of Weirdness {rCorr} (You found it on level 1 of the Tomb of the Ancients)
 70750 | Tomb:1   | Reached skill level 1 in Stealth
 71042 | Tomb:1   | Reached skill level 1 in Throwing
 71608 | Crypt:3  | Learned a level 5 spell: Lee's Rapid Deconstruction
 72450 | Tomb:1   | Reached skill level 15 in Conjurations
 73007 | Tomb:1   | Reached skill level 5 in Stealth
 73021 | Tomb:1   | Noticed Sojobo
 73046 | Tomb:1   | Killed Sojobo
 73462 | Tomb:2   | Reached skill level 15 in Armour
 73965 | Tomb:3   | Entered Level 3 of the Tomb of the Ancients
 74481 | Tomb:3   | Got a golden rune of Zot
 74519 | Tomb:3   | Reached skill level 5 in Throwing
 74553 | Tomb:3   | Got a crude plate armour
 74554 | Tomb:3   | Identified the +0 plate armour of Gaussomi {MP+9} (You found it on level 3 of the Tomb of the Ancients)
 74624 | Tomb:3   | Identified the Handbook of Air
 74648 | Tomb:3   | Got a jewelled plate armour
 74649 | Tomb:3   | Identified the +7 plate armour of Coyna {Str+3} (You found it on level 3 of the Tomb of the Ancients)
 74658 | Tomb:3   | Got an ichor-stained morningstar
 74659 | Tomb:3   | Identified the +11 morningstar "ololoev's Curse" {freeze, rElec rF- Str+6} (You found it on level 3 of the Tomb of the Ancients)
 74732 | Tomb:3   | Noticed Khufu
 74748 | Tomb:3   | Killed Khufu
 74922 | Tomb:3   | Identified a -1 rod of inaccuracy (13/13) (You found it on level 3 of the Tomb of the Ancients)
 75686 | D:8      | Fell from the grace of the Shining One
 75686 | D:8      | Became a worshipper of Zin the Law-Giver
 75686 | D:8      | Reached * piety under Zin
 75686 | D:8      | Reached ** piety under Zin
 75686 | D:8      | Reached *** piety under Zin
 75686 | D:8      | Reached **** piety under Zin
 75687 | D:8      | Donated 2474 gold pieces to Zin
 75782 | D:12     | Reached ***** piety under Zin
 76078 | Vaults:5 | Entered Level 5 of the Vaults
 76091 | Vaults:5 | Reached ****** piety under Zin
 76743 | Vaults:5 | Got a flickering sapphire amulet
 76744 | Vaults:5 | Identified the amulet of Lilacs {Stasis Dex+2} (You took it off a yaktaur captain on level 5 of the Vaults)
 76777 | Vaults:5 | Got an ancient garnet amulet
 76818 | Vaults:5 | Identified the amulet "Sizoata" {Clar rN+ MP+9} (You found it on level 5 of the Vaults)
 76992 | Vaults:5 | Got a silver rune of Zot
 77109 | Vaults:5 | Reached skill level 20 in Earth Magic
 78867 | Snake:4  | Bought the ring of Zuwitob {rN+ MP-9 Str+3 Dex+2} for 466 gold pieces
 79353 | D:14     | Fell from the grace of Zin
 79353 | D:14     | Became a worshipper of the Shining One
 79354 | D:14     | Gained mutation: You are covered in fur (AC +1). [potion of beneficial mutation]
 79355 | D:14     | Gained mutation: Your skin changes colour to match your surroundings (Stealth). [potion of beneficial mutation]
 79356 | D:14     | Gained mutation: You are surrounded by a mild repulsion field (EV +2). [potion of beneficial mutation]
 79614 | D:8      | Fell from the grace of the Shining One
 79614 | D:8      | Became a worshipper of Zin the Law-Giver
 79615 | D:8      | Donated 1545 gold pieces to Zin
 79616 | D:8      | Donated 772 gold pieces to Zin
 79937 | Depths:2 | Donated 386 gold pieces to Zin
 79938 | Depths:2 | Donated 193 gold pieces to Zin
 79939 | Depths:2 | Donated 97 gold pieces to Zin
 79941 | Pan      | Entered Pandemonium
 80086 | Pan      | Noticed Zaqoy the pandemonium lord
 80094 | Pan      | Gained mutation: Armour fits poorly on your strangely shaped body. [a cacodemon]
 80151 | Pan      | Found an exit through the horrors of the Abyss.
 80165 | Pan      | Took an exit into the Abyss.
 80165 | Abyss:1  | Escaped into the Abyss
 80165 | Abyss:1  | Noticed a lich
 80174 | Abyss:1  | Killed a lich
 80197 | Abyss:1  | Noticed a hellephant
 80234 | Abyss:1  | Killed a hellephant
 80314 | Abyss:1  | Noticed a bone dragon
 80352 | Abyss:1  | Killed a bone dragon
 80434 | Abyss:1  | Reached skill level 10 in Stealth
 80462 | Abyss:1  | Noticed a profane servitor
 80495 | Abyss:1  | Killed a profane servitor
 80535 | Depths:2 | Escaped the Abyss
 81988 | Pan      | Entered Pandemonium
 81989 | Pan      | Found an exit through the horrors of the Abyss.
 82502 | Pan      | Noticed Astanocu the pandemonium lord
 82507 | Pan      | Reached skill level 15 in Spellcasting
 82521 | Pan      | Killed Astanocu the pandemonium lord
 82647 | Pan      | Donated 101 gold pieces to Zin
 83272 | Pan      | Noticed a seraph
 83322 | Pan      | Killed a seraph
 83471 | Pan      | Found a glowing golden altar of the Shining One.
 83496 | Pan      | Got a demonic rune of Zot
 83499 | Pan      | Identified Sif Muna's Tome of Malediction
 83916 | Pan      | Reached skill level 21 in Earth Magic
 84367 | Pan      | Donated 123 gold pieces to Zin
 84368 | Pan      | Donated 62 gold pieces to Zin
 84563 | Pan      | Donated 243 gold pieces to Zin
 84564 | Pan      | Donated 121 gold pieces to Zin
 84565 | Pan      | Donated 61 gold pieces to Zin
 84566 | Pan      | Donated 30 gold pieces to Zin
 84930 | Pan      | Found an exit through the horrors of the Abyss.
 85137 | Pan      | Noticed Cuaxu the pandemonium lord
 85171 | Pan      | Killed Cuaxu the pandemonium lord
 85325 | Pan      | Reached skill level 10 in Throwing
 85383 | Pan      | Noticed Cuulog the pandemonium lord
 85410 | Pan      | Killed Cuulog the pandemonium lord
 85658 | Pan      | Found an exit through the horrors of the Abyss.
 86315 | Pan      | Noticed Sybutott the pandemonium lord
 86342 | Pan      | Killed Sybutott the pandemonium lord
 87097 | Pan      | Found an exit through the horrors of the Abyss.
 87503 | Pan      | Found an exit through the horrors of the Abyss.
 87617 | Pan      | Noticed Yrha the pandemonium lord
 87634 | Pan      | Killed Yrha the pandemonium lord
 88083 | Pan      | Found an exit through the horrors of the Abyss.
 88115 | Pan      | Reached skill level 22 in Invocations
 88377 | Pan      | Noticed Idasilof the pandemonium lord
 88385 | Pan      | Killed Idasilof the pandemonium lord
 88509 | Pan      | Entered the realm of Gloorx Vloq.
 89242 | Pan      | Found an exit through the horrors of the Abyss.
 89713 | Pan      | Noticed Gloorx Vloq
 89757 | Pan      | Got a dark rune of Zot
 89823 | Pan      | Killed Gloorx Vloq
 89984 | Pan      | Entered the realm of Mnoleg.
 90083 | Pan      | Reached skill level 15 in Stealth
 90224 | Pan      | Paralysed by a giant eyeball for 2 turns
 90456 | Pan      | Found an exit through the horrors of the Abyss.
 90602 | Pan      | Reached skill level 23 in Invocations
 90858 | Pan      | Noticed Mnoleg
 90924 | Pan      | Killed Mnoleg
 91032 | Pan      | Got a glowing rune of Zot
 91122 | Pan      | Entered the realm of Lom Lobon.
 91122 | Pan      | Noticed Lom Lobon
 91149 | Pan      | Killed Lom Lobon
 91222 | Pan      | Got a magical rune of Zot
 91668 | Pan      | Found an exit through the horrors of the Abyss.
 91899 | Pan      | Noticed Qivvoraa the pandemonium lord
 91914 | Pan      | Killed Qivvoraa the pandemonium lord
 91929 | Pan      | Found an exit through the horrors of the Abyss.
 91991 | Pan      | Reached skill level 15 in Throwing
 92104 | Pan      | Found an exit through the horrors of the Abyss.
 92152 | Pan      | Noticed Ciciyf the pandemonium lord
 92166 | Pan      | Killed Ciciyf the pandemonium lord
 92323 | Depths:2 | Escaped Pandemonium
 92325 | Pan      | Entered Pandemonium
 92365 | Pan      | Reached skill level 24 in Invocations
 92388 | Pan      | Noticed Moasiput the pandemonium lord
 92406 | Pan      | Killed Moasiput the pandemonium lord
 92486 | Pan      | Noticed Zesiyco the pandemonium lord
 92519 | Pan      | Killed Zesiyco the pandemonium lord
 92557 | Pan      | Identified the Collected Works on Enchantment and Shape Shifting
 92586 | Pan      | Noticed Zeul the pandemonium lord
 92623 | Pan      | Killed Zeul the pandemonium lord
 92918 | Pan      | Entered the realm of Cerebov.
 93594 | Pan      | Noticed Cerebov
 93608 | Pan      | Killed Cerebov
 93608 | Pan      | Reached skill level 25 in Invocations
 93643 | Pan      | Got a fiery rune of Zot
 93661 | Pan      | Got a brightly glowing hat
 93662 | Pan      | Identified the +1 hat of the Will of the Gods {Regen+} (You found it in Pandemonium)
 93814 | Pan      | Identified Quudir's Volume of Orientation
 93831 | Pan      | Learned a level 5 spell: Phase Shift
 93875 | Pan      | Got a wavering golden ring
 93876 | Pan      | Identified the ring of Jiddam {rPois MP+9} (You found it in Pandemonium)
 93952 | Pan      | Got a transparent brass ring
 94174 | Pan      | Found a gateway to a ziggurat.
 94183 | Zig:1    | Entered Level 1 of a ziggurat
 94196 | Zig:1    | Got a slimy jade ring
 94199 | Zig:1    | Identified the ring of Gyufys {rPois Stlth-} (You found it on level 1 of a ziggurat)
 94202 | Zig:1    | Identified the ring of Ato Ozit {+Inv rC+ Slay+3 SInv} (You took it off a balrug in Pandemonium)
 94206 | Zig:2    | Entered Level 2 of a ziggurat
 94247 | Zig:3    | Entered Level 3 of a ziggurat
 94382 | Zig:4    | Entered Level 4 of a ziggurat
 94417 | Zig:4    | Identified Jupa's Papyrus of the Mountains
 94425 | Zig:5    | Entered Level 5 of a ziggurat
 94482 | Zig:6    | Entered Level 6 of a ziggurat
 94601 | Zig:7    | Entered Level 7 of a ziggurat
 94682 | Zig:7    | Identified a +9 rod of ignition (10/10) (You found it on level 7 of a ziggurat)
 94697 | Zig:8    | Entered Level 8 of a ziggurat
 94888 | Zig:8    | Identified The Last Handbook of the Archmage
 95035 | Pan      | Donated 924 gold pieces to Zin
 95168 | Pan      | Found an exit through the horrors of the Abyss.
 95184 | Pan      | Took an exit into the Abyss.
 95184 | Abyss:1  | Escaped into the Abyss
 95288 | Abyss:1  | Noticed a lich
 95297 | Abyss:1  | Killed a lich
 95340 | Depths:2 | Escaped the Abyss
 95536 | Zot:1    | Entered Level 1 of the Realm of Zot
 95766 | Zot:1    | Noticed an orb of fire
 95809 | Zot:1    | Killed an orb of fire
 96112 | Zot:1    | Reached skill level 26 in Invocations
 97182 | Zot:3    | Noticed an orb of fire
 97253 | Zot:2    | Killed an orb of fire
 97597 | Zot:4    | Noticed an orb of fire
 97614 | Zot:3    | Cast into the Abyss (a Zot trap)
 97713 | Zot:3    | Escaped the Abyss
 97785 | Zot:4    | Killed an orb of fire
 99949 | Zot:5    | Entered Level 5 of the Realm of Zot
100278 | Zot:5    | Noticed an ancient lich
100289 | Zot:5    | Killed an ancient lich
100611 | Zot:5    | Noticed an ancient lich
100617 | Zot:5    | Killed an ancient lich
100855 | Zot:5    | Noticed an ancient lich
100875 | Zot:5    | Noticed an orb of fire
100878 | Zot:5    | Killed an ancient lich
100891 | Zot:5    | Killed an orb of fire
101103 | Zot:5    | Noticed an orb of fire
101116 | Zot:5    | Killed an orb of fire
101179 | Zot:5    | Noticed an orb of fire
101197 | Zot:5    | Killed an orb of fire
101481 | Zot:5    | Noticed an ancient lich
101495 | Zot:5    | Killed an ancient lich
102728 | Slime:1  | Entered Level 1 of the Pits of Slime
102978 | Slime:6  | Entered Level 6 of the Pits of Slime
103111 | Slime:6  | Noticed the royal jelly
103137 | Slime:6  | Killed the royal jelly
103280 | Slime:6  | Got a pair of brightly glowing boots
103281 | Slime:6  | Identified the cursed +0 pair of boots of the Hanged Man {*Contam +Fly rF+ Int-3} (You found it on level 6 of the Pits of Slime)
103375 | Slime:6  | Got a transparent ivory amulet
103376 | Slime:6  | Identified the amulet of Terra Nullius {Inacc Str+2} (You found it on level 6 of the Pits of Slime)
103393 | Slime:6  | Identified the Almanac of Malediction
103396 | Slime:6  | Got a slimy rune of Zot
103398 | Slime:6  | Identified Roxanne's Almanac of Changing
104018 | Hell     | Entered the Vestibule of Hell
104027 | Hell     | Noticed Geryon
104080 | Hell     | Killed Geryon
104212 | Hell     | Found a gateway to the ashen valley of Gehenna.
104259 | Geh:1    | Entered Level 1 of Gehenna
104973 | Geh:7    | Entered Level 7 of Gehenna
105342 | Geh:7    | Noticed Asmodeus
105354 | Geh:7    | Killed Asmodeus
105380 | Geh:7    | Donated 1676 gold pieces to Zin
105386 | Geh:7    | Got an obsidian rune of Zot
105582 | Hell     | Found a gateway to the decaying netherworld of Tartarus.
105590 | Tar:1    | Entered Level 1 of Tartarus
105997 | Tar:7    | Entered Level 7 of Tartarus
106054 | Tar:7    | Noticed Ereshkigal
106085 | Tar:7    | Killed Ereshkigal
106135 | Tar:7    | Got a bone rune of Zot
106299 | Hell     | Found a gateway to the freezing wastes of Cocytus.
106339 | Coc:1    | Entered Level 1 of Cocytus
106605 | Coc:2    | You are sucked into a shaft for 2 floors!
106797 | Coc:7    | Entered Level 7 of Cocytus
107268 | Coc:7    | Noticed Antaeus
107289 | Coc:7    | Killed Antaeus
107311 | Coc:7    | Got an icy rune of Zot
107401 | Coc:7    | Got an ancient bone ring
107403 | Coc:7    | Identified the ring of Inuar Dybbia {+/*Tele rN+ MR+ Int-4} (You found it on level 7 of Cocytus)
107495 | Hell     | Found a gateway to the Iron City of Dis.
107509 | Dis:1    | Entered Level 1 of the Iron City of Dis
107858 | Dis:7    | Entered Level 7 of the Iron City of Dis
108068 | Dis:7    | Noticed the Serpent of Hell
108141 | Dis:7    | Killed the Serpent of Hell
108581 | Dis:7    | Noticed Dispater
108596 | Dis:7    | Killed Dispater
108606 | Dis:7    | Got an ancient chain mail
108607 | Dis:7    | Identified the +1 chain mail "Zadoehol" {rPois Int+3} (You found it on level 7 of the Iron City of Dis)
108612 | Dis:7    | Got an iron rune of Zot
109314 | D:5      | Donated 1469 gold pieces to Zin
109315 | D:5      | Fell from the grace of Zin
109315 | D:5      | Became a worshipper of Vehumet
109865 | Zig:1    | Entered Level 1 of a ziggurat
109890 | Zig:2    | Entered Level 2 of a ziggurat
109906 | Zig:3    | Entered Level 3 of a ziggurat
109937 | Zig:4    | Entered Level 4 of a ziggurat
109947 | Zig:4    | Reached skill level 15 in Dodging
109993 | Zig:5    | Entered Level 5 of a ziggurat
110043 | Zig:6    | Entered Level 6 of a ziggurat
110085 | Zig:6    | Reached * piety under Vehumet
110085 | Zig:6    | Offered knowledge of Flame Tongue by Vehumet.
110131 | Zig:6    | Got a sparkling lapis lazuli ring
110138 | Zig:6    | Reached skill level 27 in Invocations
110148 | Zig:7    | Entered Level 7 of a ziggurat
110301 | Zig:8    | Entered Level 8 of a ziggurat
110401 | Zig:8    | Got a warped glass ring
110402 | Zig:8    | Identified the ring of Waug Moymiu {rPois MR+} (You found it on level 8 of a ziggurat)
110404 | Zig:8    | Identified the ring of Autotheism {Fire Int+3} (You found it on level 6 of a ziggurat)
110413 | Zig:8    | Learned a level 3 spell: Regeneration
110492 | Zig:9    | Entered Level 9 of a ziggurat
110524 | Zig:9    | Reached skill level 1 in Charms
110526 | Zig:9    | Reached ** piety under Vehumet
110526 | Zig:9    | Offered knowledge of Throw Flame by Vehumet.
110532 | Zig:9    | Reached skill level 1 in Necromancy
110588 | Zig:9    | Identified the Papyrus of Aid
110601 | Zig:9    | Got a spiked helmet
110602 | Zig:9    | Identified the -3 helmet of the Devil {Dex+4} (You found it on level 9 of a ziggurat)
110646 | Zig:10   | Entered Level 10 of a ziggurat
110767 | Zig:10   | Reached skill level 5 in Charms
110800 | Zig:11   | Entered Level 11 of a ziggurat
110864 | Zig:11   | Offered knowledge of Stone Arrow by Vehumet.
110884 | Zig:11   | Reached *** piety under Vehumet
110966 | Zig:11   | Gained mutation: Your natural rate of healing is unusually fast. [potion of beneficial mutation]
111037 | Zig:12   | Entered Level 12 of a ziggurat
111119 | Zig:12   | Offered knowledge of Sticky Flame by Vehumet.
111180 | Zig:12   | Got a pitted copper amulet
111181 | Zig:12   | Identified the amulet of Jealousy {Clar Dex+4} (You found it on level 12 of a ziggurat)
111184 | Zig:12   | Identified The Catalogue of Greatest Risks and Utility
111201 | Zig:13   | Entered Level 13 of a ziggurat
111230 | Zig:13   | Noticed Miomerr the pandemonium lord
111235 | Zig:13   | Noticed Muiciu the pandemonium lord
111240 | Zig:13   | Killed Miomerr the pandemonium lord
111240 | Zig:13   | Reached skill level 5 in Necromancy
111240 | Zig:13   | Reached **** piety under Vehumet
111268 | Zig:13   | Killed Muiciu the pandemonium lord
111416 | Zig:14   | Entered Level 14 of a ziggurat
111434 | Zig:14   | Offered knowledge of Olgreb's Toxic Radiance by Vehumet.
111459 | Zig:14   | Got a heavily runed shield
111460 | Zig:14   | Identified the +0 shield of the Vestibule of Hell {rN+ Dex+2} (You found it on level 14 of a ziggurat)
111470 | Zig:14   | Identified the Incunabulum of Battle Magic and Envenoming
111478 | Zig:14   | Got a pair of brightly glowing boots
111479 | Zig:14   | Identified the +3 pair of boots of Xiudiah {*Corrode MP+9 Str+3} (You found it on level 14 of a ziggurat)
111524 | Pan      | Entered Pandemonium
111662 | Pan      | Noticed Kuuph the pandemonium lord
111684 | Pan      | Killed Kuuph the pandemonium lord
111756 | Pan      | Reached ***** piety under Vehumet
111773 | Pan      | Offered knowledge of Poison Arrow by Vehumet.
111786 | Pan      | Got a transparent platinum amulet
111787 | Pan      | Identified the amulet "Foimur" {Ward +Fly rN+ Dex+6} (You found it in Pandemonium)
112104 | Pan      | Found an exit through the horrors of the Abyss.
112145 | Pan      | Noticed Ignacio
112159 | Pan      | Killed Ignacio
112226 | Pan      | Reached skill level 10 in Charms
112230 | Pan      | Noticed Negh the pandemonium lord
112246 | Pan      | Killed Negh the pandemonium lord
112445 | Pan      | Found a gateway to a ziggurat.
112462 | Zig:1    | Entered Level 1 of a ziggurat
112475 | Zig:2    | Entered Level 2 of a ziggurat
112501 | Zig:3    | Entered Level 3 of a ziggurat
112542 | Zig:4    | Entered Level 4 of a ziggurat
112572 | Zig:5    | Entered Level 5 of a ziggurat
112667 | Zig:6    | Entered Level 6 of a ziggurat
112675 | Zig:6    | Offered knowledge of Delayed Fireball by Vehumet.
112693 | Zig:7    | Entered Level 7 of a ziggurat
112912 | Zig:8    | Entered Level 8 of a ziggurat
113025 | Zig:9    | Entered Level 9 of a ziggurat
113060 | Zig:10   | Entered Level 10 of a ziggurat
113203 | Zig:11   | Entered Level 11 of a ziggurat
113226 | Zig:11   | Offered knowledge of Bolt of Magma by Vehumet.
113271 | Zig:12   | Entered Level 12 of a ziggurat
113332 | Zig:12   | Identified Sif Muna's Catalogue of Confrontation and Envenoming
113410 | Zig:13   | Entered Level 13 of a ziggurat
113555 | Zig:13   | Got a warped copper amulet
113556 | Zig:13   | Identified the amulet "Lueniba" {rPois Regen+ Int+4 Dex-3} (You found it on level 13 of a ziggurat)
113579 | Zig:13   | Gained mutation: Your flesh is cold resistant. [potion of beneficial mutation]
113622 | Pan      | Got a polished large shield
113623 | Pan      | Identified the +1 large shield "Rukasm" {rF++ rN++ Str+4} (You acquired it in Pandemonium)
113864 | Pan      | Reached ****** piety under Vehumet
114219 | Pan      | Took an exit into the Abyss.
114219 | Abyss:1  | Escaped into the Abyss
114230 | Depths:3 | Escaped the Abyss
114507 | Zot:5    | Noticed an ancient lich
114512 | Zot:5    | Killed an ancient lich
114582 | Zot:5    | Got the Orb of Zot
114888 | Depths:4 | Offered knowledge of Irradiate by Vehumet.
115448 | D:1      | Noticed Sythoits the pandemonium lord
115461 | D:1      | Killed Sythoits the pandemonium lord
115464 | D:1      | Gained mutation: You tend to lose your temper in combat. [a neqoxec]
115498 | D:1      | Lost mutation: Armour fits poorly on your strangely shaped body. [helix card]
115523 | D:$      | Escaped with the Orb!

Dungeon Overview and Level Annotations

Branches:
Dungeon (15/15)            Temple (1/1) D:6            Lair (8/8) D:8
 Shoals (4/4) Lair:3        Snake (4/4) Lair:3        Slime (6/6) Lair:7
    Orc (4/4) D:10            Elf (3/3) Orc:4        Vaults (5/5) D:14
  Crypt (3/3) Vaults:3       Tomb (3/3) Crypt:3      Depths (5/5) D:15
   Hell (1/1)                 Dis (7/7) Hell            Geh (7/7) Hell
    Coc (7/7) Hell            Tar (7/7) Hell            Zot (5/5) Depths:5

Altars:
Ashenzari
Cheibriados
Dithmenos
Elyvilon
Fedhas
Gozag
Kikubaaqudgha
Makhleb
Nemelex Xobeh
Okawaru
Qazlal
Ru
Sif Muna
Trog
Vehumet
Xom
Yredelemnul
Zin
The Shining One

Shops:
D:14 }   Orc:1 (   Orc:4 :*=*   Elf:3 [   Shoals:1 !   Snake:2 *}(*(
Snake:4 =   Vaults:4 (   Depths:1 [   Depths:2 (   Depths:4 }

Portals:
Hell: Depths:1 Depths:2 Depths:3 Depths:4 Depths:5
Abyss: Depths:4
Pandemonium: Depths:2 Depths:3 Depths:5

Annotations:
Abyss:1 Xtahua


Message History

This wand has 6 charges left.
Evoke which item? (* to show all) (? for menu, Esc to quit)
Zapping:
e - a wand of hasting (6)
Press: ? - help, Shift-Dir - straight line, f - you You feel as though your hastened speed will last longer.
This wand has 5 charges left.
Your magical shield disappears.
Evoke which item? (* to show all) (? for menu, Esc to quit)
Zapping:
e - a wand of hasting (5)
Press: ? - help, Shift-Dir - straight line, f - you You feel as though your hastened speed will last longer.
This wand has 4 charges left.
Evoke which item? (* to show all) (? for menu, Esc to quit)
Zapping:
e - a wand of hasting (4)
Press: ? - help, Shift-Dir - straight line, f - you You feel as though your hastened speed will last longer.
This wand has 3 charges left.
Evoke which item? (* to show all) (? for menu, Esc to quit)
Zapping:
e - a wand of hasting (3)
Press: ? - help, Shift-Dir - straight line, f - you You feel as though your hastened speed will last longer.
This wand has 2 charges left.
The ambient light returns to normal.
Evoke which item? (* to show all) (? for menu, Esc to quit)
Zapping:
e - a wand of hasting (2)
Press: ? - help, Shift-Dir - straight line, f - you You feel as though your hastened speed will last longer.
This wand has 1 charge left.
Evoke which item? (* to show all) (? for menu, Esc to quit)
Zapping:
e - a wand of hasting (1)
Press: ? - help, Shift-Dir - straight line, f - you You feel as though your hastened speed will last longer.
This wand has 0 charges left.
Evoke which item? (* to show all) (? for menu, Esc to quit)
Zapping:
K - a wand of teleportation (5)
Press: ? - help, Shift-Dir - straight line, f - you You feel strangely unstable.
You feel the Orb delaying your translocation!
This wand has 4 charges left.
You have escaped!

There were no monsters in sight!

Vanquished Creatures
  Cerebov (Pan)
  Antaeus (Coc:7)
  Asmodeus (Geh:7)
  the royal jelly (Slime:6)
  Ereshkigal (Tar:7)
  Ignacio (Pan)
  Gloorx Vloq (Pan)
  A seraph (Pan)
  the Serpent of Hell (Dis:7)
  Mnoleg (Pan)
  Lom Lobon (Pan)
  Dispater (Dis:7)
  5 ancient liches (Zot:5)
  Khufu (Tomb:3)
  6 orbs of fire
  Mara (Crypt:1)
  15 pandemonium lords
  31 greater mummies
  Sojobo (Tomb:1)
  A shard shrike (Zig:10)
  Frederick (Depths:2)
  Norris (Elf:3)
  Saint Roka (Vaults:1)
  2 curse toes
  5 caustic shrikes (Depths:4)
  5 Killer Klowns
  Geryon (Hell)
  8 golden dragons
  Nikola (Shoals:4)
  Jory (Depths:5)
  2 pearl dragons
  2 profane servitors
  5 bone dragons
  13 Brimstone Fiends
  A hellephant (Abyss:1)
  Jorgrun (Elf:2)
  10 liches
  5 electric golems
  11 Hell Sentinels
  19 tentacled monstrosities
  17 Ice Fiends
  26 Orb Guardians
  14 acid blobs
  5 quicksilver dragons
  12 sphinxes
  7 Shadow Fiends
  6 death cobs
  2 deep elf blademasters (Elf:3)
  2 krakens
  2 deep elf master archers (Elf:3)
  15 ancient champions
  4 eldritch tentacles
  12 titans
  Polyphemus (Shoals:3)
  11 tentacled starspawn
  20 Executioners
  An octopode crusher (Depths:2)
  A thorn hunter (Zig:11)
  Frances (Depths:2)
  A sphinx (shapeshifter) (Zig:13)
  12 shadow dragons
  13 fire giants
  22 storm dragons
  5 revenants
  20 greater nagas
  12 tengu reavers
  3 draconian monks
  Ilsuiw (Shoals:4)
  Wiglaf (Snake:2)
  9 daevas (Pan)
  6 chaos champions
  6 azure jellies
  23 cacodemons
  5 draconian knights
  Donald (Lair:3)
  16 ghost moths
  7 deep elf sorcerers
  5 draconian scorchers
  10 frost giants
  3 iron dragons
  A caustic shrike zombie (Crypt:2)
  An orc warlord (Orc:1)
  2 emperor scorpions
  45 balrugs
  3 curse skulls
  7 warmongers (Pan)
  6 draconian zealots
  13 vault wardens
  19 angels (Pan)
  13 ghouls
  7 draconian shifters
  A stone giant (shapeshifter) (Zig:13)
  4 draconian annihilators
  A caustic shrike skeleton (Zig:14)
  8 war gargoyles (Dis:7)
  7 draconian callers
  13 ophanim
  23 ironheart preservers
  A spriggan defender (Depths:4)
  12 apis
  A juggernaut skeleton (Zig:10)
  2 elemental wellsprings (Coc:7)
  4 bennus
  7 vampire knights
  8 deep elf demonologists
  10 lorocyprocas (Pan)
  42 reapers
  29 stone giants
  A salamander firebrand (Hell)
  16 deep elf annihilators
  7 white draconians
  7 corrupters (Pan)
  9 green draconians
  5 salamander stormcallers
  5 blood saints (Pan)
  20 very ugly things
  6 black draconians
  A dire elephant (shapeshifter) (Zig:13)
  10 red draconians
  8 yellow draconians
  3 purple draconians
  7 mottled draconians
  5 black suns
  Snorg (Lair:7)
  19 ettins
  43 vault guards
  7 merfolk javelineers
  11 deep elf death magi
  12 eidola
  11 jiangshi
  24 fire dragons
  12 merfolk impalers
  32 mummy priests
  11 death oozes
  Josephine (D:13)
  13 green deaths
  8 deep elf high priests
  45 blizzard demons
  11 great orbs of eyes
  3 quicksilver dragon zombies
  The ghost of B1inky the Nimble, a journeyman OpFi of Makhleb (IceCv)
  27 yaktaur captains
  27 ice dragons
  4 hell beasts
  4 entropy weavers
  Harold (D:12)
  6 rakshasas
  3 quicksilver dragon skeletons
  7 death knights
  11 hydras
  31 naga warriors
  6 centaur warriors
  5 monstrous demonspawn (Pan)
  6 merfolk avatars
  An anaconda (shapeshifter) (Abyss:4)
  A spriggan air mage (Depths:5)
  3 catoblepae
  25 ogre magi
  17 dancing weapons
  6 merfolk aquamancers
  An alligator snapping turtle (shapeshifter) (Zig:13)
  5 deep troll shamans
  7 tengu warriors
  6 orc high priests
  4 alligators
  10 hell hogs
  4 satyrs
  20 anacondas
  22 naga sharpshooters
  A death yak (shapeshifter) (Vaults:5)
  10 thrashing horrors
  6 titan zombies
  Urug (D:13)
  3 vampire magi
  30 death yaks
  12 shock serpents
  6 spriggan berserkers
  10 deep troll earth magi
  33 soul eaters
  3 storm dragon zombies
  Sonja (D:14)
  Nergalle (D:10)
  2 fire crabs (Vaults:3)
  3 spriggans
  89 sun demons
  2 iron trolls
  21 shadow wraiths
  4 salamander mystics
  3 wretched stars
  62 skeletal warriors
  3 titan skeletons
  25 shadow demons
  93 hell knights
  5 infernal demonspawn (Pan)
  3 golden dragon zombies
  31 deep elf knights
  23 death scarabs
  3 spatial maelstroms
  15 deep elf summoners
  44 ice devils
  2 unseen horrors (shapeshifter)
  2 unseen horrors
  13 cherubim (Pan)
  2 death drakes
  3 ghost moth zombies
  4 swamp dragons
  7 giant orange brains
  14 sea snakes
  32 phantasmal warriors
  7 putrid demonspawn
  2 giant orange brains (shapeshifter)
  3 anaconda zombies
  3 spriggan druids
  9 gelid demonspawn
  6 flayed ghosts
  2 storm dragon skeletons
  41 deep trolls
  25 necromancers
  A quicksilver dragon simulacrum (Tomb:1)
  An obsidian statue (WizLab)
  2 orange crystal statues
  12 naga ritualists
  31 anubis guards
  5 wizards
  11 starcursed masses
  9 torturous demonspawn
  2 anaconda skeletons
  6 hill giants
  2 golden dragon skeletons
  5 lindwurms (Lair:4)
  3 shadow dragon zombies (Crypt:3)
  49 large abominations
  A wolf spider zombie (D:13)
  14 mana vipers
  7 orb spiders
  A sphinx zombie (Zig:10)
  2 iron dragon zombies
  14 harpies
  22 ironbrand convokers
  19 salamanders
  2 shadow dragon skeletons
  A faun (shapeshifter) (Zig:13)
  14 orc knights
  15 deep elf conjurers
  17 wolf spiders
  4 frost giant zombies
  6 oklob plants
  6 water nymphs
  2 stone giant zombies
  A cyclops (shapeshifter) (Vaults:4)
  5 fire giant zombies
  56 ugly things
  16 manticores
  8 sirens
  2 sphinx skeletons
  15 fauns
  14 cyclopes
  16 hornets
  7 elephants (Lair:7)
  2 human skeletons
  13 griffons
  23 moths of wrath
  36 slime creatures
  2 shock serpent zombies
  An octopode (shapeshifter) (Depths:2)
  37 black mambas
  4 worldbinders
  15 guardian serpents
  4 orc sorcerers
  A water nymph (shapeshifter) (Zig:13)
  5 centaur zombies
  11 shining eyes
  Maurice (D:11)
  An elephant (shapeshifter) (Zig:5)
  17 vault sentinels
  3 fire giant skeletons
  4 stone giant skeletons
  27 sixfirhies
  3 frost giant skeletons
  4 ice statues
  49 smoke demons
  19 naga magi
  2 torpor snails
  A dire elephant skeleton (Geh:2)
  3 apocalypse crabs
  3 eyes of devastation
  4 molten gargoyles (Geh:7)
  25 spiny frogs
  2 dire elephant zombies
  35 orange demons
  24 rust devils
  The ghost of emiel the Magician, a novice DsVM of Cheibriados (D:7)
  22 hellions
  2 shock serpent skeletons
  2 spriggan zombies
  A catoblepas zombie (Geh:6)
  A gargoyle (D:10)
  6 komodo dragons
  An emperor scorpion zombie (Dis:6)
  2 kobold demonologists
  A spriggan skeleton (Zig:14)
  20 tormentors
  2 komodo dragons (shapeshifter)
  27 demonic crawlers
  12 efreet
  3 silent spectres
  3 fire drakes
  2 yaktaurs (shapeshifter)
  2 tengu conjurers
  7 ancient zymes
  A mottled draconian skeleton (Crypt:2)
  50 red devils
  7 jumping spiders
  48 guardian mummies
  14 polar bears
  11 hydra zombies
  29 freezing wraiths
  16 trolls
  15 deep elf priests
  42 yaktaurs
  19 hellwings (Pan)
  A catoblepas skeleton (Dis:7)
  3 harpy zombies
  A slime creature (shapeshifter) (Abyss:4)
  A troll (shapeshifter) (Depths:3)
  3 hydra skeletons
  37 blue devils
  11 giant leeches
  6 wind drakes
  45 two-headed ogres
  14 bog bodies
  19 blink frogs
  3 alligator zombies
  A griffon zombie (Shoals:1)
  A harpy skeleton (Geh:5)
  40 merfolk
  4 ice dragon zombies
  5 boulder beetles
  13 ushabtiu
  4 snapping turtles
  3 raiju
  20 ynoxinuls
  2 fire dragon zombies (Crypt:3)
  A trapdoor spider (shapeshifter) (Vaults:4)
  3 alligator skeletons
  5 ettin zombies
  15 redbacks
  43 deep elf magi
  5 ettin skeletons
  2 ice dragon skeletons (Coc:7)
  2 tarantellas (shapeshifter)
  31 wraiths
  3 tarantellas
  8 trapdoor spiders
  70 flying skulls
  3 wyverns
  89 yaks
  22 water elementals
  5 shadows
  5 vampires
  4 air elementals
  A redback (shapeshifter) (Zig:5)
  A griffon skeleton (Crypt:1)
  34 deep elf fighters
  A basilisk (shapeshifter) (Vaults:5)
  A golden eye (shapeshifter) (Vaults:5)
  A hog (Abyss:4)
  A human (shapeshifter) (Depths:4)
  A black mamba skeleton (Geh:2)
  A human (D:9)
  34 chaos spawn
  20 vampire mosquitoes
  A fire bat (Abyss:4)
  33 neqoxecs
  3 elf skeletons
  6 golden eyes
  6 basilisks
  15 hippogriffs
  2 steam dragons
  9 fire elementals
  2 hungry ghosts
  5 insubstantial wisps
  12 wolves (IceCv)
  A putrid demonspawn zombie (Coc:7)
  A soldier ant (D:13)
  A merfolk zombie (Geh:7)
  A hydra simulacrum (Hell)
  9 water moccasins
  30 hell hounds
  2 soldier ants (shapeshifter)
  3 spatial vortices
  2 mottled dragons
  11 porcupines
  5 spiny frog zombies
  6 wasps
  74 nagas
  A black bear (D:13)
  18 centaurs
  9 wargs
  10 spiders
  5 phantoms
  107 ogres
  2 spiny frog skeletons
  An eye of draining (shapeshifter) (Elf:2)
  16 eyes of draining
  17 ice beasts
  3 snapping turtle zombies
  49 orc warriors
  3 boggarts
  6 sky beasts
  A black bear (shapeshifter) (Zig:12)
  A snapping turtle skeleton (Coc:2)
  29 necrophages
  4 brain worms (Pan)
  A brain worm (shapeshifter) (Depths:3)
  6 big kobolds
  14 crocodiles
  30 giant frogs
  A spiny frog simulacrum (Hell)
  5 scorpions
  2 hippogriff zombies (Shoals:1)
  4 wyvern skeletons (Crypt:3)
  A cyclops skeleton (Crypt:1)
  2 troll zombies
  A warg skeleton (Crypt:2)
  11 wights
  A water moccasin skeleton (D:7)
  10 killer bees
  6 small abominations
  3 human simulacra
  The ghost of ololoev the Cudgeler, a weakling GrGl (D:5)
  6 electric eels
  27 crimson imps
  4 iron imps
  20 jellies
  3 quasits
  36 orc priests
  4 hounds
  A jelly (shapeshifter) (Depths:4)
  2 giant frog skeletons
  A wyvern simulacrum (D:14)
  5 human zombies
  7 centaur skeletons
  2 demonspawn skeletons
  11 iguanas
  11 worker ants
  7 hell rats (Hell)
  42 orc wizards
  A porcupine zombie (Crypt:2)
  A lightning spire (Zig:6)
  22 sheep
  A crocodile zombie (Crypt:1)
  An ogre zombie (Tar:5)
  A naga skeleton (Crypt:2)
  A hound skeleton (D:5)
  2 hound zombies
  59 mummies
  13 gnolls
  A worker ant zombie (D:9)
  11 adders
  40 river rats
  A scorpion zombie (Crypt:1)
  6 shadow imps
  A steam dragon skeleton (Crypt:2)
  12 white imps
  2 ufetubi
  3 giant eyeballs (Pan)
  2 lava snake skeletons
  6 worms
  An adder skeleton (D:9)
  4 giant geckos
  296 orcs
  A ball python (D:4)
  11 giant cockroaches
  6 goblins
  9 hobgoblins
  9 jackals
  4 quokkas
  7 bats
  A giant gecko skeleton (D:9)
  3 giant newts
  56 kobolds
  An orc skeleton (Crypt:1)
  3 orc zombies (Crypt:1)
  A quokka zombie (Crypt:2)
  7 rats
  A spectral orc (D:4)
  29 briar patches (Zig:11)
  2 crawling corpses (Elf:3)
  A fire vortex (Vaults:5)
  16 pillars of salt
  8 plants
  5 starspawn tentacles
  5 tentacles
5477 creatures vanquished.

Vanquished Creatures (collateral kills)
  A sphinx (Depths:3)
  A revenant (Vaults:3)
  A cacodemon (Pan)
  A frost giant (Depths:4)
  A minotaur (Lab)
  An ogre mage (Vaults:3)
  A vampire mage (Vaults:3)
  A soul eater (Depths:3)
  2 naga sharpshooters (Snake:4)
  A shadow dragon zombie (Zig:9)
  An orange demon (Pan)
  A snapping turtle (Shoals:3)
  A vampire (Zig:9)
  A deep elf fighter (Vaults:2)
  2 shadows (Zig:9)
  2 nagas (Snake:4)
  An ogre (Vaults:3)
20 creatures vanquished.

Vanquished Creatures (others)
  2 golden dragons
  A pandemonium lord (Pan)
  A lich (Tomb:2)
  An eldritch tentacle (Pan)
  2 ancient champions (Tomb:2)
  A shadow dragon (Vaults:5)
  A blood saint (Pan)
  2 ghost moths
  A frost giant (Depths:3)
  A vault warden (Vaults:5)
  A draconian zealot (Zot:5)
  2 draconian annihilators
  An ironheart preserver (Vaults:5)
  An elemental wellspring (Coc:7)
  A reaper (Pan)
  A fire dragon (Depths:1)
  2 yaktaur captains
  A deep elf high priest (Zig:2)
  A deep elf knight (Elf:1)
  22 death scarabs (Tomb:2)
  A skeletal warrior (Coc:7)
  A swamp dragon (Zig:11)
  A deep elf conjurer (Elf:1)
  2 moths of wrath
  An iron dragon skeleton (Tomb:2)
  2 hornets
  2 smoke demons (Pan)
  A hellwing (Pan)
  A demonic crawler (Pan)
  A two-headed ogre (Vaults:5)
  A polar bear (IceCv)
  2 blink frogs
  47 ball lightnings
  A tarantella (Zig:10)
  9 flying skulls (Tomb:3)
  A wind drake zombie (Crypt:1)
  A shadow (Geh:2)
  A deep elf mage (Elf:2)
  4 yaks (IceCv)
  A chaos spawn (Pan)
  2 golden eyes
  A vampire mosquito (Zig:7)
  A naga (Snake:4)
  5 wolves (IceCv)
  A hell hound (Dis:2)
  A spiny frog skeleton (Geh:5)
  2 large abominations
  5 ogres
  A troll zombie (Geh:2)
  A crimson imp (Abyss:4)
  A jelly (Zig:3)
  2 sheep (Lair:6)
  3 small abominations
  3 mummies
  An adder (D:9)
  An orc (Vaults:5)
  A briar patch (Zig:11)
  2 bushes (Lair:8)
  1313 eldritch tentacle segments
  10 fulminant prisms (Pan)
  50 fungi
  8 lost souls
  A lurking horror (Abyss:1)
  116 pillars of salt
  55 plants
  29 starspawn tentacles
  350 starspawn tentacle segments
  12 tentacles
  1137 tentacle segments
3242 creatures vanquished.

Grand Total: 8739 creatures vanquished

Action                   |  1- 3 |  4- 6 |  7- 9 | 10-12 | 13-15 | 16-18 | 19-21 | 22-24 | 25-27 || total
-------------------------+-------+-------+-------+-------+-------+-------+-------+-------+-------++-------
Melee: Flail             |    82 |    63 |   652 |  1581 |  1106 |       |       |       |       ||  3484
       Whip              |       |    77 |   173 |       |       |       |       |       |       ||   250
       Morningstar       |       |       |       |       |   287 |  2668 |  2682 |  2180 |   954 ||  8771
       Eveningstar       |       |       |       |       |       |       |       |       | 12151 || 12151
 Fire: Blowgun           |       |       |       |       |       |       |       |       |    78 ||    78
Throw: Throwing net      |     9 |     1 |     1 |     4 |       |       |       |       |       ||    15
       Tomahawk          |       |       |       |     3 |     2 |       |       |       |       ||     5
       Javelin           |       |       |       |       |       |       |       |       |    49 ||    49
 Cast: Iron Shot         |       |       |       |       |       |     1 |       |    12 |   130 ||   143
       Conjure Ball Ligh |       |       |       |       |       |       |    20 |       |       ||    20
       Aura of Abjuratio |       |       |       |       |       |       |       |     4 |   113 ||   117
       Lee's Rapid Decon |       |       |       |       |       |       |       |       |    76 ||    76
       Shatter           |       |       |       |       |       |       |       |       |    27 ||    27
       Blink             |       |       |       |       |       |       |       |       |     5 ||     5
       Phase Shift       |       |       |       |       |       |       |       |       |     4 ||     4
       Apportation       |       |       |       |       |       |       |       |       |     3 ||     3
       Regeneration      |       |       |       |       |       |       |       |       |     1 ||     1
Invok: Transfer Knowledg |       |       |       |       |     1 |     1 |     1 |     2 |     3 ||     8
       Cleansing Flame   |       |       |       |       |       |       |       |       |    69 ||    69
       Summon Divine War |       |       |       |       |       |       |       |       |     3 ||     3
       Recite            |       |       |       |       |       |       |       |       |   131 ||   131
       Donate Gold       |       |       |       |       |       |       |       |       |    16 ||    16
       Vitalisation      |       |       |       |       |       |       |       |       |    10 ||    10
       Sanctuary         |       |       |       |       |       |       |       |       |     2 ||     2
       Divine Shield     |       |       |       |       |       |       |       |       |     1 ||     1
       Brand Weapon With |       |       |       |       |       |       |       |       |     1 ||     1
 Abil: Fly               |       |       |       |       |     1 |       |       |       |    10 ||    11
       Evoke Teleportati |       |       |       |       |       |     1 |       |       |       ||     1
       Stop Flying       |       |       |       |       |       |       |       |       |    10 ||    10
Evoke: Wand              |       |       |       |     4 |    11 |     6 |       |     2 |    50 ||    73
       Phantom mirror    |       |       |       |       |     1 |       |       |     2 |       ||     3
       Lamp of fire      |       |       |       |       |       |     1 |     4 |     2 |       ||     7
       Stone of tremors  |       |       |       |       |       |       |     2 |     2 |     1 ||     5
       Deck              |       |       |       |       |       |       |       |     1 |    33 ||    34
  Use: Potion            |       |       |     2 |     8 |     5 |     4 |     1 |     2 |    77 ||    99
       Scroll            |       |       |    18 |     9 |    26 |    15 |    11 |     3 |   136 ||   218
 Stab: Held in net/web   |     2 |       |       |     2 |       |       |       |       |       ||     4
       Invisible         |       |       |       |     2 |       |       |       |       |    12 ||    14
       Confused          |       |       |       |       |     3 |       |       |       |   132 ||   135
       Distracted        |       |       |       |       |     1 |       |     2 |     2 |     1 ||     6
       Paralysed         |       |       |       |       |       |     2 |       |       |    89 ||    91
       Petrified         |       |       |       |       |       |       |     3 |       |       ||     3
       Sleeping          |       |       |       |       |       |       |       |       |     1 ||     1
  Eat: Chunk             |       |     2 |    21 |    28 |    22 |    31 |    34 |    28 |    38 ||   204
       Bread ration      |       |       |     1 |       |     1 |     1 |       |       |    55 ||    58
       Fruit             |       |       |       |     2 |     1 |     8 |     6 |     3 |    17 ||    37
       Royal jelly       |       |       |       |     1 |       |     1 |       |     1 |     3 ||     6
       Beef jerky        |       |       |       |       |     1 |       |     7 |     1 |     2 ||    11
       Meat ration       |       |       |       |       |       |       |       |       |     2 ||     2
       Pizza             |       |       |       |       |       |       |       |       |     1 ||     1

Vault maps used:
D:1:      dpeg_arrival_arbitrary_a
D:2:      elyvilon_altar_5, grunt_decor_clamped
D:3:      minmay_goblin_kobold_castle, grunt_temple_overflow_open, first_bread
D:4:      lemuel_round_altar, yredelemnul_forgotten_temple_becter
D:5:      grunt_temple_overflow_magic_moments, nicolae_overflow_hidden_temple,
          gup_sewer_entry_pipe, nicolae_dithmenos_through_a_glass_darkly
D:6:      ashenzari_altar_1, temple_doors_e
D:8:      grunt_temple_overflow_order_and_chaos_2, lair_0_dummy
D:9:      minmay_klotski, grunt_qazlal_clouds, grunt_pizzeria
D:10:     hiddenorc2_lemuel
D:11:     hex_tiny, uniq_maurice
D:12:     uniq_harold
D:13:     uniq_urug, uniq_josephine
D:14:     lemuel_troll_bridge, erik_vaults_2,
          hangedman_abyss_or_decor_lesser_grid, basic_altar, serial_shops, shop,
          uniq_sonja
D:15:     grunt_enter_depths_hoard
Temple:   circular_temple_6
Lair:1:   serial_bayou_pond_d
Lair:2:   lab_entry_generic, beast_lair_carwin_3
Lair:3:   elwin_shoals_entry_rooms, dummy_snake_entry, basic_altar,
          portal_ice_cave_entry_ice_beasts, lemuel_centaur_altar,
          grunt_megastairs_3
Lair:4:   minmay_lindwurm_lava
Lair:5:   grunt_megastairs_4, infiniplex_staircase_pool, serial_bayou_shore_b
Lair:6:   grunt_megastairs_5
Lair:7:   slime_dummy, minivault_24, serial_bayou_shore_b, uniq_snorg
Lair:8:   minmay_lair_end_frog_pond, serial_bayou_shore_b
Shoals:1: serial_shops, shop_statue, nicolae_shoals_undead_eyrie
Shoals:3: uniq_polyphemus
Shoals:4: shoals_end_grunt_ice, shoals_ilsuiw_ice, uniq_nikola
Snake:1:  basic_altar, serial_bayou_lagoon_a, uniq_donald
Snake:2:  serial_shops, shop, shop, shop, nicolae_shop_crystal, shop,
          uniq_wiglaf
Snake:3:  serial_bayou_pond_c, spider_trap, nrook_loot_triangle
Snake:4:  grunt_snake_rune_spirals, serial_shops, shop
Slime:5:  nicolae_slime_welcoming_committee
Orc:1:    serial_shops, nicolae_shop_stone, uniq_nergalle
Orc:3:    basic_altar, nicolae_orc_pool_cavern
Orc:4:    st_orc_ogre_mass, lightli_orcish_oven
Elf:1:    minmay_elf_arrival_plus, minmay_elf_crystal_hexagon, st_stairs_10,
          spider_trap, hex_medium
Elf:2:    basic_altar, uniq_jorgrun
Elf:3:    minmay_elf_hall_spiked, serial_shops, shop_statue, uniq_norris
Vaults:1: hangedman_vaults_hard_town_square, nicolae_vaults_little_squares_2,
          v_alt_pattern_5, v_rooms_1, hangedman_vaults_restitches,
          grunt_vaults_bifocal, v_misc_8, vaults_room_semicircle,
          uniq_saint_roka
Vaults:2: vaults_standard_mumra_lines, v_alt_pattern_3, ontoclasm_vaults_eye,
          v_pattern_3, hangedman_vaults_river_flow, hangedman_vaults_pinch,
          vaults_room_guarded_vault, nicolae_vaults_diagonal_hallway_7,
          vaults_room_hallway, v_alt_pattern_4, nicolae_vaults_little_squares_6
Vaults:3: nicolae_vaults_little_squares_1, vaults_room_pools,
          minmay_crypt_entry_simple_box, v_misc_3, vaults_room_pool,
          vaults_room_hallway, hangedman_vaults_corner_blocks, v_pattern_2,
          v_alt_pattern_2, nicolae_vaults_shelves_hall,
          grunt_vaults_hallway_short, nicolae_vaults_windows_and_doors_thing,
          nicolae_vaults_alarming
Vaults:4: nicolae_vaults_meeting, v_misc_27, nicolae_vaults_big_ls,
          nicolae_vaults_little_squares_4, nicolae_vaults_border_crossing,
          nicolae_vaults_little_squares_6, nicolae_vaults_theta,
          vaults_room_stairs_pillars, hangedman_vaults_corner,
          hangedman_vaults_locks, ontoclasm_vaults_gateway,
          vaults_mumra_minichess, nicolae_vaults_angled_halls, serial_ice_h,
          serial_shops, shop
Crypt:1:  lemuel_mausoleum_altar_kikubaaqudgha, uniq_xtahua, uniq_mara
Crypt:3:  evilmike_haunted_forest
Tomb:1:   uniq_sojobo
Tomb:3:   uniq_khufu
Depths:1: serial_shops, shop_statue, pf_hell_entry_tar_spiral,
          minmay_strange_pillars, lemuel_flamethrower_2
Depths:2: evilmike_marble_ring, solitary_fountain, rand_demon_pan_entry_7,
          serial_shops, kennysheep_mini, hangedman_coc_ice_floe, sword_in_stone,
          serial_bayou_shore_b
Depths:3: lemuel_flame_loot_2, rand_demon_pan_entry_8, trove_entry_hex_spiral,
          pf_vacation_house_of_asmodeus
Depths:4: thingy_vault_2, enter_ziggurat_c, abyss_entry, nrook_mini_backslash,
          lightli_enter_wizlab_magi_temple, grunt_mini_vestibule, serial_shops,
          nicolae_shop_behind_doors, infiniplex_staircase_zigzag_4
Depths:5: evilmike_zot_entry_hall, hell_entry, rand_demon_pan_entry_1,
          serial_sigils, serial_sigils_hangedman_scratch,
          serial_sigils_hangedman_stare, serial_sigils_hangedman_quiver,
          serial_sigils_hangedman_quiver, serial_sigils_hangedman_quiver,
          serial_sigils_hangedman_shear, uniq_frederick, uniq_jory
Dis:6:    nicolae_dis_strange_trophy_room
Dis:7:    dis_hangedman
Geh:1:    hangedman_generic_boss_arena
Geh:2:    lemuel_old_faithful
Geh:7:    geh_grunt
Coc:4:    grunt_megastairs_2
Coc:7:    coc_grunt_cove
Tar:7:    tar_mu
Zot:1:    st_small_dragon_hoard_3, st_stairs_4, hangedman_zot_decor_checkerboard
Zot:2:    kennysheep_room_grid
Zot:3:    evilmike_ambush
Zot:5:    nicolae_zot_crop_circle
Abyss:1:  hangedman_decor_riveting, guppyfry_abyss_exit_glass_guarded,
          abyss_exit_lava, evilmike_abyss_exit_16
Abyss:3:  due_abyss_rune
Abyss:4:  guppyfry_abyss_exit_imp_island, evilmike_abyss_rune_acolytes_2
Pan:      evilmike_mini_pan_diamond, pan_blood_fountain_small,
          evilmike_mini_pan_pillars, grunt_pan_sceptre, evilmike_holy_pan,
          evilmike_mini_pan_corner, grunt_pan_frozen_over,
          lemuel_draining_boxes, nicolae_pan_diamonds, pan_blood_fountain_small,
          nicolae_pan_mnolegish_3, evilmike_mini_pan_corridor,
          pan_blood_fountain_small, gloorx_vloq_grunt, evilmike_mnoleg_eyes,
          nicolae_pan_cerebovesque_1, lom_lobon_spiral_st, uniq_mennas_pan,
          grunt_pan_zigzag, grunt_pan_sceptre, pan_surprise,
          evilmike_mini_pan_corridor, rand_demon_1, pan_blood_fountain_2,
          nicolae_pan_cerebovesque_3, rand_demon_5, pan_blood_fountain_small,
          reaverb_pan_chaos_star, nicolae_pan_mnolegish_5,
          nicolae_pan_sigil_uleosi, evilmike_mini_pan_doors, pan_blood_fountain,
          evilmike_mini_pan_possible_glass, evilmike_mini_pan_doors,
          rand_demon_1, evilmike_mini_pan_pillars, pan_blood_fountain,
          pan_blood_fountain_small, nicolae_pan_mnolegish_1,
          evilmike_cerebov_lava, nicolae_pan_sigil_uleosi,
          evilmike_mini_pan_doors, uniq_ignacio, lemuel_hall_of_pain,
          enter_ziggurat_pan_a, evilmike_mini_pan_T, evilmike_mini_pan_3x3,
          pan_blood_fountain_small, pan_blood_fountain_2, nicolae_pan_sigil_obb,
          rand_demon_8, enter_ziggurat_pan_a, uniq_ignacio
Zig:8:    ziggurat_loot_1, ziggurat_pillar_centre_oklobs
Zig:9:    ziggurat_pillar_centre_dead_trees, ziggurat_pillar_centre_smoke
Zig:11:   ziggurat_pillar_centre_c
Zig:13:   ziggurat_pillar_centre_drop
Lab:      nicolae_lab_do_over, lab_hedge
Trove:    trove_garden
IceCv:    ice_cave_caverns_02
WizLab:   wizlab_golubria
